 Dungeon Crawl Stone Soup version 0.20.1-1-g8b1a95d (webtiles) character file.

2868 vatarom the Destroyer (level 9, -9/74 HPs)
             Began as a White Draconian Wizard on Sept 11, 2017.
             Was a Follower of Vehumet.
             Mangled by a two-headed ogre
             ... wielding a +0 giant club
              (11 damage)
             ... on level 8 of the Dungeon.
             The game lasted 00:18:28 (8767 turns).

vatarom the Destroyer (White Draconian Wizard)      Turns: 8767, Time: 00:18:29

Health: -9/74      AC:  8    Str: 10    XL:     9   Next: 47%
Magic:  18/27      EV: 13    Int: 23    God:    Vehumet [*.....]
Gold:   321        SH:  0    Dex: 12    Spells: 10/21 levels left

rFire    . . .     SeeInvis .   u - +1 glaive (venom)
rCold    + . .     Gourm    .   (shield currently unavailable)
rNeg     . . .     Faith    .   (armour unavailable)
rPois    +         Spirit   .   a - +0 hat
rElec    .         Reflect  .   (no cloak)
rCorr    .         Harm     .   (no gloves)
MR       ++...     Clarity  +   z - +0 pair of boots (curse)
Stlth    ++........             n - amulet of regeneration
Regen    0.7/turn               h - ring of poison resistance
MPRegen  0.2/turn               j - ring of magical power

@: short of breath, very slightly contaminated
A: breathe frost, unfitting armour, agile 1, clarity, clever 1, cold resistance
1, magic resistance 2, wild magic 1, cold-blooded, AC +7
a: Breathe Frost, Renounce Religion


You were on level 8 of the Dungeon.
You worshipped Vehumet.
Vehumet was aware of your devotion.
You were not hungry.

You visited 2 branches of the dungeon, and saw 9 of its levels.

You collected 321 gold pieces.

Inventory:

Hand Weapons
 m - a +0 hunting sling
 u - a +1 glaive of venom (weapon)
Armour
 a - a +0 hat (worn)
 z - a cursed +0 pair of boots (worn)
Jewellery
 d - an uncursed ring of wizardry
 h - a ring of poison resistance (left hand)
 j - a ring of magical power (right hand)
 k - an uncursed ring of protection from cold
 l - an uncursed amulet of faith
 n - an amulet of regeneration (around neck)
 w - an uncursed ring of resist corrosion
 y - an uncursed ring of protection from cold
Wands
 q - a wand of flame (20/48)
Scrolls
 f - 2 scrolls of amnesia
 i - a scroll of enchant weapon
 o - 2 scrolls of remove curse
 r - 4 scrolls of teleportation
 s - a scroll of identify
 v - 2 scrolls of magic mapping
Potions
 e - 4 potions of curing
 g - 4 potions of heal wounds
 p - a potion of might
Books
 b - a book of Minor Magic

   Spells                             Type                      Level
   a - Magic Dart                     Conjuration                  1
   b - Blink                          Translocation                2
   c - Call Imp                       Summoning                    2
   d - Slow                           Hexes                        2
   e - Conjure Flame                  Conjuration/Fire             3
   f - Mephitic Cloud                 Conjuration/Poison/Air       3
 x - a book of Cantrips

   Spells                             Type                      Level
   a - Confusing Touch                Hexes                        1
   b - Animate Skeleton               Necromancy                   1
   c - Summon Small Mammal            Summoning                    1
   d - Apportation                    Translocation                1
Comestibles
 c - a bread ration
 A - 2 meat rations


   Skills:
 - Level 5.0 Fighting
 + Level 2.6 Dodging
 - Level 1.7 Stealth
 - Level 6.5 Spellcasting
 + Level 9.1 Conjurations
 - Level 1.4 Summonings
 - Level 1.0 Translocations
 * Level 4.4 Air Magic


You had 10 spell levels left.
You knew the following spells:

 Your Spells              Type           Power        Failure   Level  Hunger
a - Magic Dart            Conj           ####         1%          1    None
b - Call Imp              Summ           ###.....     11%         2    None
c - Blink                 Tloc           N/A          13%         2    None
d - Mephitic Cloud        Conj/Pois/Air  #####...     6%          3    None
e - Conjure Flame         Conj/Fire      #####...     6%          3    None


Dungeon Overview and Level Annotations

Branches:
Dungeon (8/15)             Temple (1/1) D:7
   Lair: D:8-11

Altars:
Ashenzari
Cheibriados
Dithmenos
Elyvilon
Fedhas
Gozag
Hepliaklqana
Kikubaaqudgha
Makhleb
Nemelex Xobeh
Okawaru
Qazlal
Ru
Sif Muna
Trog
Uskayaw
Vehumet
Xom
Yredelemnul
Zin
The Shining One

Shops:
D:7 ?[(!*


Innate Abilities, Weirdness & Mutations

You can breathe waves of freezing cold.
You can buffet flying creatures when you breathe cold.
Your icy white scales are hard. (AC +7)
You cannot fit into any form of body armour.
Your flesh is cold resistant. (rC+)
You are cold-blooded and may be slowed by cold attacks.
You are agile. (Dex +2)
You possess an exceptional clarity of mind.
Your mind is acute. (Int +2)
You are highly resistant to hostile enchantments. (MR++)
Your spells are a little harder to cast, but a little more powerful.


Message History

The two-headed ogre is moderately wounded.
The stinking cloud engulfs you!
You hear an angry hiss.
Unknown command.
The two-headed ogre is engulfed in noxious fumes.
You feel much better.
The two-headed ogre hits you with a giant club!!
The two-headed ogre hits you with a giant spiked club!!
* * * LOW HITPOINT WARNING * * *
Casting: Mephitic Cloud
Confirm with . or Enter, or press ? or * to list all spells.
Aiming: Mephitic Cloud
Press: ? - help, Shift-Dir - straight line, f/p - two-headed ogre
Aim: a two-headed ogre, wielding a giant club and a giant spiked club (moderately wounded, poisoned)
Okay, then.
You feel much better.
The two-headed ogre hits you with a giant club!!
* * * LOW HITPOINT WARNING * * *
The two-headed ogre hits you with a giant spiked club!
You die...

[.#......#.# #...)........
.........#### ###..$........
...#...##.#.# #.............
......#####.# ##...........#
..##..####.#.##...........##
#.##........##.§.$.##.....#
#..###...###...§§§## #....#
#..##..........§O## #...#
.#.#...##.......@.####....#
##..#...###...............#
.......## #..............##
..#.#.## ##....########
...#### #..### .### #).# .#
#..# .# ...# .## #...#


You could see a two-headed ogre.

Vanquished Creatures
  The ghost of MasterBenM the Skirmisher, a novice OgBe of Trog (D:5)
  Prince Ribbit (D:6)
  A hungry ghost (D:8)
  A slave (D:6)
  2 ice beasts
  6 ogres
  2 centaurs
  Blork the orc (D:4)
  A bullfrog (D:6)
  A wyvern skeleton (D:8)
  A water moccasin zombie (D:7)
  A crimson imp (D:5)
  A centaur zombie (D:7)
  2 jellies
  2 hounds (D:6)
  A centaur skeleton (D:7)
  2 orc priests
  A bullfrog skeleton (D:4)
  5 worker ants
  2 orc wizards
  2 howler monkey skeletons
  7 adders
  A shadow imp (D:5)
  An ooze (D:3)
  An adder skeleton (D:7)
  2 worms (D:2)
  2 dart slugs (D:2)
  9 leopard geckos
  23 orcs
  10 bats
  7 giant cockroaches
  5 goblins
  10 hobgoblins
  2 quokkas
  3 ball pythons
  6 frilled lizards
  11 kobolds
  A leopard gecko skeleton (D:4)
  A quokka skeleton (D:5)
  A quokka zombie (D:7)
  8 rats
148 creatures vanquished.

Vanquished Creatures (collateral kills)
  Pikel (D:6)
  A sky beast (D:6)
  An ogre (D:4)
  2 scorpions (D:6)
  A crimson imp (D:7)
  An iguana (D:5)
  2 worker ants
  4 adders
  An ooze (D:2)
  3 orcs
  A hobgoblin (D:2)
18 creatures vanquished.

Vanquished Creatures (others)
  An adder (D:6)
1 creature vanquished.

Grand Total: 167 creatures vanquished

Notes
Turn   | Place    | Note
-------+----------+-------------------------------------------
     0 | D:1      | vatarom the Draconian Wizard began the quest for the Orb.
     0 | D:1      | Reached XP level 1. HP: 14/14 MP: 4/4
   508 | D:1      | Reached XP level 2. HP: 22/22 MP: 4/6
   519 | D:1      | Learned a level 2 spell: Call Imp
   522 | D:1      | Learned a level 2 spell: Blink
   829 | D:1      | Reached skill level 2 in Conjurations
  1137 | D:2      | Reached XP level 3. HP: 27/27 MP: 4/7
  1570 | D:2      | Reached skill level 3 in Conjurations
  1627 | D:2      | Found a stormy altar of Qazlal.
  1662 | D:2      | Learned a level 3 spell: Mephitic Cloud
  1662 | D:2      | Found a hazy altar of Hepliaklqana.
  1882 | D:2      | Reached XP level 4. HP: 33/34 MP: 0/8
  2646 | D:2      | Reached skill level 4 in Conjurations
  2947 | D:3      | Reached XP level 5. HP: 39/39 MP: 6/10
  3007 | D:3      | Learned a level 3 spell: Conjure Flame
  3344 | D:3      | Found a deep blue altar of Sif Muna.
  3345 | D:3      | Gained mutation: You possess an exceptional clarity of mind. [potion of mutation]
  3345 | D:3      | Gained mutation: Your mind is acute. (Int +2) [potion of mutation]
  3345 | D:3      | Gained mutation: You are weak. (Str -2) [potion of mutation]
  3345 | D:3      | Gained mutation: Your tail ends in a poisonous barb. [potion of mutation]
  3385 | D:4      | Noticed Blork the orc
  3385 | D:4      | Noticed an ogre
  3911 | D:3      | HP: 1/39 [poisoned by an orc]
  4502 | D:4      | Noticed an ogre
  4509 | D:4      | Killed an ogre
  4511 | D:4      | Reached skill level 5 in Conjurations
  4616 | D:4      | Reached XP level 6. HP: 46/46 MP: 8/12
  4651 | D:4      | Killed Blork the orc
  5122 | D:4      | Reached skill level 6 in Conjurations
  5122 | D:4      | Your scales start taking on an icy white colour.
  5122 | D:4      | Reached XP level 7. HP: 51/51 MP: 7/13
  5122 | D:4      | Gained mutation: Your flesh is cold resistant. (rC+) [White Draconian growth]
  5271 | D:5      | Entered Level 5 of the Dungeon
  5485 | D:5      | Lost mutation: You are weak. (Str -2) [potion of mutation]
  5485 | D:5      | Lost mutation: Your tail ends in a poisonous barb. [potion of mutation]
  5485 | D:5      | Gained mutation: You are agile. (Dex +2) [potion of mutation]
  5485 | D:5      | Gained mutation: You are resistant to hostile enchantments. (MR+) [potion of mutation]
  5485 | D:5      | Gained mutation: You are highly resistant to hostile enchantments. (MR++) [potion of mutation]
  5485 | D:5      | Gained mutation: Your spells are a little harder to cast, but a little more powerful. [potion of mutation]
  5784 | D:5      | Reached skill level 5 in Spellcasting
  5784 | D:5      | Reached skill level 7 in Conjurations
  5816 | D:5      | Found a radiant altar of Vehumet.
  5819 | D:5      | Found a burning altar of Makhleb.
  5831 | D:5      | Became a worshipper of Vehumet
  6070 | D:5      | Noticed MasterBenM's ghost (novice OgBe)
  6121 | D:5      | Killed MasterBenM's ghost
  6121 | D:5      | Reached XP level 8. HP: 45/62 MP: 6/16
  6549 | D:6      | Noticed Pikel
  6563 | D:6      | Killed Pikel
  6563 | D:6      | Reached skill level 8 in Conjurations
  6818 | D:6      | You fall through a shaft!
  6842 | D:6      | Reached skill level 1 in Air Magic
  7044 | D:6      | Noticed Prince Ribbit
  7051 | D:6      | Killed Prince Ribbit
  7051 | D:6      | Reached * piety under Vehumet
  7051 | D:6      | Offered knowledge of Sting by Vehumet.
  7051 | D:6      | Reached XP level 9. HP: 73/73 MP: 18/18
  7503 | D:7      | Found Sysma's General Store.
  7550 | D:7      | Found a sparkling altar of Nemelex Xobeh.
  7553 | D:7      | Found a shadowy altar of Dithmenos.
  7556 | D:7      | Found a basalt altar of Yredelemnul.
  7629 | D:7      | Reached skill level 5 in Fighting
  7833 | D:7      | Found Poal's Distillery.
  7902 | D:7      | Found Kiuth's Antique Weapon Shop.
  7906 | D:7      | Found Ybiann's Antique Armour Emporium.
  8108 | D:7      | Found Ofisairor's Magic Scroll Boutique.
  8237 | D:7      | Found a staircase to the Ecumenical Temple.
  8281 | Temple   | Entered the Ecumenical Temple
  8376 | D:8      | Reached skill level 9 in Conjurations
  8749 | D:8      | Noticed a two-headed ogre
  8767 | D:8      | HP: 2/74 [two-headed ogre/giant club (27)]
  8767 | D:8      | Mangled by a two-headed ogre

Skill      XL: |  1  2  3  4  5  6  7  8  9 |
---------------+----------------------------+-----
Conjurations   | 2 3 4 5 6 7 8 9 |  9.1
Spellcasting   | 4 5 6 |  6.5
Fighting       | 2 4 5 |  5.0
Air Magic      | 1 4 |  4.4
Dodging        | 2 |  2.6
Stealth        | |  1.7
Summonings     | |  1.4
Translocations | |  1.0

Action                   |  1- 3 |  4- 6 |  7- 9 || total
-------------------------+-------+-------+-------++-------
Melee: Spear             |    30 |    30 |       ||    60
       Tailslap          |     1 |     4 |     7 ||    12
       Glaive            |       |     5 |   106 ||   111
       Short sword       |       |     2 |       ||     2
 Cast: Magic Dart        |    84 |   124 |   135 ||   343
       Call Imp          |     8 |    12 |    27 ||    47
       Mephitic Cloud    |       |     8 |    17 ||    25
       Blink             |       |     1 |       ||     1
       Conjure Flame     |       |       |     2 ||     2
 Abil: Breathe Frost     |       |       |    10 ||    10
Evoke: Wand              |       |       |     4 ||     4
  Use: Scroll            |     4 |     8 |     5 ||    17
       Potion            |       |     1 |     7 ||     8
 Stab: Sleeping          |       |     1 |     1 ||     2
       Confused          |       |       |     1 ||     1
  Eat: Chunk             |     3 |     6 |     3 ||    12
       Bread ration      |       |     1 |     1 ||     2
       Meat ration       |       |       |     2 ||     2
Armor: Skin              |    11 |    15 |    39 ||    65
Dodge: Dodged            |    33 |    41 |    59 ||   133
